 Dungeon Crawl Stone Soup version 0.31.0-11-ge490571c62 (webtiles) character file.

Game seed: 11585266680934410965

256 AlmostDecent the Chopper (level 5, -7/63 HPs)
             Began as a Demonspawn Berserker on Jan 30, 2024.
             Was a Believer of Trog.
             Mangled by a gnoll sergeant
             ... wielding a +2 spear of flaming
              (10 damage)
             ... on level 4 of the Dungeon.
             The game lasted 00:07:01 (2507 turns).

AlmostDecent the Chopper (Demonspawn Berserker)     Turns: 2507, Time: 00:07:01

Health: -7/63      AC: 10    Str: 20    XL:     5   Next: 92%
Magic:  5/5        EV: 11    Int:  7    God:    Trog [**....]
Gold:   122        SH:  0    Dex: 14    Spells: 4/4 levels left

rFire   . . .        a - +0 hand axe
rCold   . . .        (no shield)
rNeg    . . .        q - +0 ring mail
rPois   .            k - +2 hat
rElec   .            (no cloak)
rCorr   .            (no gloves)
SInv    .            u - +2 pair of boots
Will    ++...        (no amulet) Stlth
                     (no ring)
HPRegen 1.30/turn    (no ring)
MPRegen 0.09/turn

%: no passive effects
@: berserking, lethally poisoned (-7 -> -8), strong-willed, regenerating, very
quick
A: thin skeletal structure 1, ignite blood 1, powered by death 1
a: Renounce Religion, Berserk, Trog's Hand


You were on level 4 of the Dungeon.
You worshipped Trog.
Trog was pleased with you.
You visited 1 branch of the dungeon, and saw 4 of its levels.

You collected 122 gold pieces.

Inventory:

Hand Weapons
 a - a +0 hand axe (weapon)
 n - a +3 flail
 p - a +0 vampiric whip
Armour
 b - a +0 animal skin
 k - a +2 hat (worn)
 q - a +0 ring mail (worn)
 u - a +2 pair of boots (worn)
Jewellery
 l - a ring of fire
 m - a ring of flight
Scrolls
 d - 6 scrolls of identify {unknown}
 e - 2 scrolls of enchant armour {unknown}
 f - a scroll of fog {unknown}
 g - a scroll of enchant weapon {unknown}
 h - a scroll of noise {unknown}
 j - a scroll of silence {unknown}
 o - a scroll of teleportation {unknown}
 r - a scroll of revelation {unknown}
 s - a scroll of poison {unknown}
Potions
 c - a potion of berserk rage {unknown}
 i - 2 potions of curing {unknown}
 t - a potion of might {unknown}


   Skills:
 + Level 3.9 Fighting
 * Level 5.5 Axes
 - Level 1.9 Armour
 - Level 1.9 Dodging


You had 4 spell levels left.
You didn't know any spells.
Your spell library was empty.

Dungeon Overview and Level Annotations

Branches:
Dungeon (4/15)             Temple (0/1) D:4

Altars:
Cheibriados


Innate Abilities, Weirdness & Mutations

You have a somewhat thin skeletal structure. (Dex +2, Stealth+)
Your demonic aura sometimes causes spilled blood to erupt in flames.
You regenerate a little health from kills.


Message History

The adder bites you but does no damage.
The gnoll sergeant hits you with a +2 spear of flaming!
The gnoll sergeant burns you.
You hit the gnoll sergeant but do no damage.
You hit the adder.
A nearby plant withers and dies.
The adder bites you but does no damage.
The gnoll sergeant hits you with a +2 spear of flaming.
The gnoll sergeant burns you. The adder bites you.
You are poisoned.
The adder poisons you!
You slash the adder!
You kill the adder!
Trog accepts your kill.
You closely miss the gnoll sergeant.
You feel sick.
The gnoll sergeant hits you with a +2 spear of flaming.
The gnoll sergeant burns you.
Your skin crawls.
You feel strong-willed.
You feel sick.
A nearby plant withers and dies.
The gnoll hits you but does no damage.
The gnoll sergeant hits you with a +2 spear of flaming!
* * * LOW HITPOINT WARNING * * *
The gnoll sergeant burns you.
* * * LOW HITPOINT WARNING * * *
A red film seems to cover your vision as you go berserk!
You feel yourself moving faster!
You feel mighty!
You feel sick. The gnoll barely misses you. The gnoll misses you.
The gnoll hits you from afar with a +0 spear.
* * * LOW HITPOINT WARNING * * *
The quokka bites the plant.
The plant begins to die.
The gnoll sergeant hits you but does no damage.
You slash the gnoll sergeant!
The gnoll sergeant is moderately wounded.
You hit the gnoll. You barely miss the gnoll.
The quokka bites the plant.
The gnoll hits you with a +0 flail!
* * * LOW HITPOINT WARNING * * *
The gnoll hits you but does no damage. The gnoll barely misses you.
The gnoll sergeant is engulfed in blazing flames.
The gnoll sergeant hits you with a +2 spear of flaming!
You die...

.. .P. . ..##.####
#..
.P#...#.#####....
...>..........(.
#.. #P†.gr.P...
##.##..@gPP....
#P.P..)#gg..P..
##...†.#.P...P.
###..##.P.....
#>..##.PP.P.P....#
#..###..PPP.P....#
###..#
#.......#..#
##....##
..)####..#
##......#
#..##...#


You could see a gnoll sergeant, 3 gnolls and a quokka.

Vanquished Creatures
  2 orc priests
  2 orc wizards (D:4)
  2 adders (D:4)
  4 gnolls
  3 ribbon worms
  2 dart slugs
  11 orcs
  11 endoplasms
  2 giant cockroaches
  6 goblins
  A hobgoblin (D:4)
  3 quokkas
  4 ball pythons
  3 bats (D:2)
  2 frilled lizards (D:2)
  8 kobolds
  4 rats (D:2)
70 creatures vanquished.

Notes
Turn   | Place    | Note
-------+----------+-------------------------------------------
     0 | D:1      | AlmostDecent the Demonspawn Berserker began the quest for
                  | the Orb.
     0 | D:1      | Reached XP level 1. HP: 18/18 MP: 1/1
   287 | D:1      | Gained mutation: You have a somewhat thin skeletal
                  | structure. (Dex +2, Stealth+) [demonic ancestry]
   287 | D:1      | Reached XP level 2. HP: 15/24 MP: 2/2
   552 | D:1      | Reached skill level 3 in Axes
  1006 | D:2      | Reached XP level 3. HP: 16/29 MP: 3/3
  1335 | D:2      | Reached ** piety under Trog
  1507 | D:2      | Gained mutation: You regenerate a little health from kills.
                  | [demonic ancestry]
  1507 | D:2      | Reached XP level 4. HP: 35/35 MP: 4/4
  1629 | D:2      | Reached skill level 4 in Axes
  1801 | D:3      | Found a snail-covered altar of Cheibriados.
  2268 | D:3      | Gained mutation: Your demonic aura sometimes causes spilled
                  | blood to erupt in flames. [demonic ancestry]
  2268 | D:3      | Reached XP level 5. HP: 42/42 MP: 5/5
  2346 | D:4      | Reached skill level 5 in Axes
  2492 | D:4      | Found a staircase to the Ecumenical Temple.
  2507 | D:4      | HP: 3/63 [gnoll/+0 flail[a gnoll sergeant] (10)]
  2507 | D:4      | Mangled by a gnoll sergeant

Illustrated notes

Levels and vault maps discovered:
D:1:      lemuel_arrival_tunnels, layout_basic
D:2:      layout_basic
D:3:      layout_loops_ring, slow_altar_1, kennysheep_nub
D:4:      minmay_chambers_of_twos, layout_layer_cave,
          minmay_temple_entry_gardened_gates, minivault_5,
          nicolae_grassy_gnolls, uniq_menkaure, uniq_robin, uniq_grinder

Skill      XL: |  1  2  3  4  5 |
---------------+----------------+-----
Axes           | 3 4 5 |  5.5
Fighting       | |  3.9
Armour         | |  1.9
Dodging        | |  1.9

Action                     |  1- 3 |  4- 6 || total
---------------------------+-------+-------++-------
  Melee: Hand axe          |    89 |   108 ||   197
         Punch             |     1 |     1 ||     2
 Invoke: Berserk           |     2 |     3 ||     5
         Trog's Hand       |       |     1 ||     1
   Stab: Sleeping          |     6 |     2 ||     8
 Armour: Animal skin       |    42 |    20 ||    62
         Ring mail         |       |    46 ||    46
  Dodge: Dodged            |    50 |    57 ||   107
